 Dungeon Crawl Stone Soup version 0.29-a0-925-g0a7a3d12f8 (webtiles) character file.

Game seed: 11237580641320362217

172 testman the Shooter (level 5, -2/48 HPs)
             Began as a Minotaur Hunter on July 27, 2022.
             Slain by an orc wizard
             ... wielding a +0 dagger
              (3 damage)
             ... on level 4 of the Dungeon on July 28, 2022.
             The game lasted 00:06:02 (2465 turns).

testman the Shooter (Minotaur Hunter)               Turns: 2465, Time: 00:06:02

Health: -2/48      AC:  4    Str: 16    XL:     5   Next: 27%
Magic:  13/13      EV: 12    Int:  6    God:
Gold:   163        SH:  0    Dex: 15    Spells: 4/4 levels left

rFire   . . .      SeeInvis .   a - +0 shortbow
rCold   . . .      Faith    .   (shield currently unavailable)
rNeg    . . .      Spirit   .   c - +0 leather armour
rPois   .          Reflect  .   (helmet restricted)
rElec   .          Harm     .   j - +0 cloak
rCorr   .          Rampage  .   (no gloves)
Will    .....                   (no boots)
Stlth   +.........              (no amulet)
HPRegen 0.16/turn               p - ring of magical power
MPRegen 0.13/turn               (no ring)

@: no status effects
A: horns 2, retaliatory headbutt
a: no special abilities


You were on level 4 of the Dungeon.
You visited 1 branch of the dungeon, and saw 4 of its levels.

You collected 163 gold pieces.

Inventory:

Hand Weapons
 a - a +0 shortbow (weapon)
Armour
 c - a +0 leather armour (worn)
 j - a +0 cloak (worn)
Jewellery
 p - a ring of magical power (left hand)
Scrolls
 b - 2 scrolls of immolation
 d - 2 scrolls of enchant weapon {unknown}
 g - 2 scrolls of blinking {unknown}
 i - 2 scrolls of vulnerability {unknown}
 k - a scroll of torment {unknown}
 m - a scroll of enchant armour {unknown}
 o - 5 scrolls of teleportation {unknown}
 r - 2 scrolls of identify {unknown}
 s - a scroll of amnesia {unknown}
Potions
 e - a potion of cancellation
 f - a potion of haste {unknown}
 h - 2 potions of flight
 l - a potion of heal wounds
 n - 2 potions of curing {unknown}
 q - a potion of might {unknown}


   Skills:
 + Level 5.0 Fighting
 + Level 6.0 Ranged Weapons
 - Level 2.1 Dodging
 - Level 0.7 Stealth


You had 4 spell levels left.
You didn't know any spells.
Your spell library contained the following spells:

 Spells                   Type           Power      Damage    Failure   Level
 Ensorcelled Hibernation  Hex/Ice        0%         N/A       67%         2
 Frozen Ramparts          Ice            0%         1d2       88%         3
 Spider Form              Tmut/Pois      0%         N/A       88%         3
 Anguish                  Hex/Necr       0%         N/A       99%         4
 Ice Form                 Ice/Tmut       0%         N/A       99%         4
 Summon Ice Beast         Ice/Summ       0%         N/A       99%         4


Dungeon Overview and Level Annotations

Branches:
Dungeon (4/15)
 Temple: D:4-7

Altars:
Kikubaaqudgha


Innate Abilities, Weirdness & Mutations

You have a pair of horns on your head.
You reflexively headbutt those who attack you in melee.


Message History

The arrow hits the iguana but does no damage.
The iguana is severely wounded.
The iguana bites you!
* * * LOW HITPOINT WARNING * * *
Fire: a) +0 shortbow
Press: ? - help, Q - select action Shift-Dir - straight line, f/p - iguana
Aim: an iguana (severely wounded, 66% to hit)
You shoot an arrow. The arrow hits the iguana!
You kill the iguana!
Your Fighting skill increases to level 5!
Your Ranged Weapons skill increases to level 6!
Fire: a) +0 shortbow
Press: ? - help, Q - select action Shift-Dir - straight line, f - hobgoblin
Aim: a hobgoblin (64% to hit)
You shoot an arrow. The arrow hits the hobgoblin!
You kill the hobgoblin!
Unknown command.
Fire: a) +0 shortbow
Press: ? - help, Q - select action Shift-Dir - straight line, f - you Really target yourself? [Y]es or [N]o only, please.
Really target yourself?
Okay, then.
You clumsily bash something but do no damage.
Something hits you.
* * * LOW HITPOINT WARNING * * *
Fire: a) +0 shortbow
Press: ? - help, Q - select action Shift-Dir - straight line You shoot an arrow.
Something hits you but does no damage.
Unknown command.
Fire: a) +0 shortbow
Press: ? - help, Q - select action Shift-Dir - straight line You shoot an arrow.
You hear some strange, mumbled words.
A magic dart appears from out of thin air!
The magic dart hits you!
* * * LOW HITPOINT WARNING * * *
Something hits you.
You die...

.... ....#
#..####...
#>.......
#... l.#
#..##)#
#....)#
##)##.#
#{# #.#
#@# #..
#.# #..
#######.#
...#
#.......#
..#
#.#######
.. #.# #.#
####.#
#....#
######


There were no monsters in sight!

Vanquished Creatures
  An iguana (D:4)
  4 gnolls
  2 adders
  A dart slug (D:1)
  11 orcs
  3 ball pythons
  6 bats
  5 endoplasms
  6 giant cockroaches
  3 goblins
  3 hobgoblins
  9 jackals
  3 quokkas
  9 frilled lizards
  7 kobolds
73 creatures vanquished.

Notes
Turn   | Place    | Note
-------+----------+-------------------------------------------
     0 | D:1      | testman the Minotaur Hunter began the quest for the Orb.
     0 | D:1      | Reached XP level 1. HP: 18/18 MP: 0/0
   127 | D:1      | Reached XP level 2. HP: 24/25 MP: 1/1
   162 | D:1      | Upgraded the game from 0.29-a0-923-g6e406bff71 to
                  | 0.29-a0-925-g0a7a3d12f8
   576 | D:1      | Reached skill level 5 in Ranged Weapons
   576 | D:1      | Reached XP level 3. HP: 31/31 MP: 2/2
   806 | D:2      | Found an ancient bone altar of Kikubaaqudgha.
   835 | D:2      | Found a faded altar of an unknown god.
  1464 | D:2      | Reached XP level 4. HP: 40/40 MP: 3/3
  2320 | D:4      | Noticed a phantom
  2440 | D:4      | Reached XP level 5. HP: 33/47 MP: 4/4
  2462 | D:4      | Reached skill level 5 in Fighting
  2462 | D:4      | Reached skill level 6 in Ranged Weapons
  2465 | D:4      | HP: 1/48 [something/magic dart (8)]
  2465 | D:4      | Slain by an orc wizard

Illustrated notes

Levels and vault maps discovered:
D:1:      psy_arrival_dodecagon, layout_basic
D:2:      layout_basic, hellmonk_ecumenical_altar_lost_god, basic_altar
D:3:      layout_basic
D:4:      kennysheep_spiral_hall, layout_loops_ring, serial_shops,
          nicolae_take_the_stairs, ebering_ghost_sewer_d

Skill      XL: |  1  2  3  4  5 |
---------------+----------------+-----
Fighting       | 3 4 5 |  5.0
Ranged Weapons | 5 6 |  6.0
Dodging        | |  2.1
Stealth        | |  0.7

Action                   |  1- 3 |  4- 6 || total
-------------------------+-------+-------++-------
Melee: Shortbow          |       |     1 ||     1
 Fire: Shortbow          |    94 |   100 ||   194
  Use: Potion            |     3 |       ||     3
Armor: Leather armour    |    17 |    16 ||    33
Dodge: Dodged            |    35 |    43 ||    78

Table legend: (Time is in decaauts)
 A = Elapsed time spent in this place.
 B = Non-inter-level travel time spent in this place.
 C = Inter-level travel time spent in this place.
 D = Time resting spent in this place.
 E = Time spent auto-exploring this place.
 F = Levels seen in this place.
 G = Mean time per level.
                   A        B        C        D        E       F      G
               +--------+--------+--------+--------+--------+-----+--------+
         Total |   2521 |   2447 |     74 |    394 |   1607 |   4 |  630.2 |
       Dungeon |   2521 |   2447 |     74 |    394 |   1607 |   4 |  630.2 |
               +--------+--------+--------+--------+--------+-----+--------+

Top non-repeatable levels by time:
     D:2: 932 daAuts
     D:1: 798 daAuts
     D:3: 589 daAuts
     D:4: 200 daAuts
